 Dungeon Crawl Stone Soup version 0.28-a0-724-g66f9036eb4 (webtiles) character file.

Game seed: 10963063107217891434

2 flotson the Sneak (level 1, -1/18 HPs)
             Began as a Demonspawn Delver on Oct 26, 2021.
             Slain by a gnoll (4 damage)
             ... on level 4 of the Dungeon.
             The game lasted 00:01:31 (204 turns).

flotson the Sneak (Demonspawn Delver)                Turns: 204, Time: 00:01:32

Health: -1/18      AC:  5    Str: 12    XL:     1   Next: 25%
Magic:  1/1        EV: 10    Int: 11    God:
Gold:   39         SH:  0    Dex: 14    Spells: 0/0 levels left

rFire   . . .      SeeInvis .   a - +0 hand axe
rCold   . . .      Faith    .   (no shield)
rNeg    . . .      Spirit   .   i - +0 ring mail
rPois   .          Reflect  .   (no helmet)
rElec   .          Harm     .   (no cloak)
rCorr   .          Rampage  .   (no gloves)
Will    .....                   (no boots)
Stlth   ++........              (no amulet)
HPRegen 0.06/turn               (no ring)
MPRegen 0.07/turn               (no ring)

@: no status effects
A: no striking features
a: no special abilities


You were on level 4 of the Dungeon.
You visited 1 branch of the dungeon, and saw 2 of its levels.

You collected 39 gold pieces.

Inventory:

Hand Weapons
 a - a +0 hand axe (weapon)
Armour
 b - a +0 leather armour
 i - a +0 ring mail (worn)
Wands
 g - a wand of digging (1)
Scrolls
 c - a scroll of fog
 h - a scroll of identify {unknown}


   Skills:
 + Level 3.0 Fighting
 - Level 1.7 Axes
 + Level 0.2 Armour
 + Level 1.8 Dodging
 - Level 4.5 Stealth


You couldn't memorise any spells.
You didn't know any spells.
Your spell library was empty.

Dungeon Overview and Level Annotations

Branches:
Dungeon (5/15)             Temple (0/1) D:5

Altars:
Wu Jian

Shops:
D:4 [


Message History

A gnoll comes into view. It is wielding a +0 flail.
There is a stone staircase leading up here.
The gnoll hits you from afar with a +0 halberd.
The gnoll hits you but does no damage. The gnoll closely misses you.
You climb upwards.
Found a fuming dark potion.
Found Xucu's Antique Armour Boutique.
There is a stone staircase leading down here.
The orc closely misses you.
The gnoll shouts!
You hear a shout!
The orc hits you but does no damage.
A gnoll comes into view. It is wielding a +0 club.
Okay, then.
Okay, then.
Unknown command.
Cleave: a) +0 hand axe
Press: ? - help, Dir - move target, f - you
Okay, then.
Unknown command.
Aiming: Dig
Press: ? - help, Shift-Dir - straight line A rock wall.
The rock shatters into small pieces.
Your extra speed is starting to run out.
Aiming: Dig
Press: ? - help, Shift-Dir - straight line A rock wall.
The rock shatters into small pieces.
The gnoll shouts!
You feel yourself slow down. The gnoll hits you with a +0 whip!
* * * LOW HITPOINT WARNING * * *
You hit the gnoll.
The gnoll is moderately wounded.
The gnoll hits you with a +0 whip.
* * * LOW HITPOINT WARNING * * *
You hit the gnoll.
The gnoll is heavily wounded.
You barely miss the orc. The orc barely misses you.
The gnoll hits you with a +0 whip.
You die...

#.. ...#.###..
##.###.#.....g#
#...........#
###.#.........#
#...oo...>....#
#...#.........#
#.#########.###
##o## ##g#
##o## ##@#
##.###o##
##.#o## ##.##
##.# ##.# ##


You could see a gnoll and 2 orcs.

Vanquished Creatures
  An orc (D:5)
1 creature vanquished.

Notes
Turn   | Place    | Note
-------+----------+-------------------------------------------
     0 | D:5      | flotson the Demonspawn Delver began the quest for the Orb.
     0 | D:5      | Reached XP level 1. HP: 18/18 MP: 1/1
    44 | D:5      | Noticed a phantom
    59 | D:5      | Found an ornate altar of the Wu Jian Council.
    66 | D:5      | Noticed an ogre
   132 | D:5      | Noticed a gnoll shaman
   178 | D:5      | Noticed a troll
   182 | D:4      | Found Xucu's Antique Armour Boutique.
   204 | D:4      | Slain by a gnoll

Illustrated notes

Levels and vault maps discovered:
D:4:      layout_rooms, tgw_sif, serial_shops, shop
D:5:      layout_rooms, lemuel_doored_altar, nicolae_hepliaklqana_hippocampus,
          lemuel_round_altar, minmay_temple_entry_large_hall

Action                   || total
-------------------------++-------
Melee: Hand axe          ||     5
Evoke: Wand              ||     2
  Use: Scroll            ||     2
       Potion            ||     1
Armor: Ring mail         ||     5
Dodge: Dodged            ||     7

Table legend: (Time is in decaauts)
 A = Elapsed time spent in this place.
 B = Non-inter-level travel time spent in this place.
 C = Inter-level travel time spent in this place.
 D = Time resting spent in this place.
 E = Time spent auto-exploring this place.
 F = Levels seen in this place.
 G = Mean time per level.
                   A        B        C        D        E       F      G
               +--------+--------+--------+--------+--------+-----+--------+
         Total |    185 |    185 |      0 |      0 |     64 |   2 |   92.5 |
       Dungeon |    185 |    185 |      0 |      0 |     64 |   2 |   92.5 |
               +--------+--------+--------+--------+--------+-----+--------+

Top non-repeatable levels by time:
     D:5: 169 daAuts
     D:4: 15 daAuts
